 Dungeon Crawl Stone Soup version 0.29.1-2-gbd0b4ee654 (webtiles) character file.

Game seed: 15503803753428609104

28 jamesblauser the Conjurer (level 2, -1/20 HPs)
             Began as a Demigod Conjurer on Nov 6, 2022.
             Slain by a worm (7 damage)
             ... on level 2 of the Dungeon.
             The game lasted 00:05:31 (1374 turns).

jamesblauser the Conjurer (Demigod Conjurer)        Turns: 1374, Time: 00:05:32

Health: -1/20      AC:  6    Str: 14    XL:     2   Next: 78%
Magic:  1/7        EV:  9    Int: 20    God:
Gold:   47         SH:  0    Dex: 12    Spells: 1/4 levels left

rFire   . . .      SeeInvis .   c - +0 dagger (speed)
rCold   . . .      Faith    .   (no shield)
rNeg    . . .      Spirit   .   f - +0 scale mail
rPois   .          Reflect  .   (no helmet)
rElec   .          Harm     .   (no cloak)
rCorr   .          Rampage  .   (no gloves)
Will    .....                   (no boots)
Stlth   ..........              (no amulet)
HPRegen 0.06/turn               e - +6 ring of strength
MPRegen 0.10/turn               (no ring)

@: no status effects
A: high MP 1, forlorn, divine attributes
a: no special abilities


You were on level 2 of the Dungeon.
You visited 1 branch of the dungeon, and saw 2 of its levels.

You collected 47 gold pieces.

Inventory:

Hand Weapons
 c - a +0 dagger of speed (weapon)
Armour
 a - a +0 robe
 f - a +0 scale mail (worn)
Jewellery
 e - a +6 ring of strength (left hand)
Potions
 b - a potion of brilliance {unknown}
 d - a potion of haste


   Skills:
 + Level 0.1 Armour
 + Level 1.9 Dodging
 + Level 1.8 Stealth
 + Level 0.2 Unarmed Combat
 + Level 1.9 Spellcasting
 + Level 4.3 Conjurations


You had one spell level left.
You knew the following spells:

 Your Spells              Type           Power      Damage    Failure   Level
a - Magic Dart            Conj           76%        1d6       12%         1
b - Searing Ray           Conj           38%        2d5       19%         2

Your spell library contained the following spells:

 Spells                   Type           Power      Damage    Failure   Level
 Dazzling Flash           Conj/Hex       20%        N/A       65%         3
 Fulminant Prism          Conj/Hex       5%         3d7       96%         4
 Iskenderun's Mystic Bla  Conj/Tloc      10%        2d4       96%         4


Dungeon Overview and Level Annotations

Branches:
Dungeon (2/15)


Innate Abilities, Weirdness & Mutations

You have an increased reservoir of magic. (+10% MP)
You shall have no god before yourself.
Your divine heritage dramatically boosts your attributes as you level up.


Message History

You hit the worm.
The worm is moderately wounded.
The worm bites you but does no damage.
You barely miss the worm.
The worm is moderately wounded.
You hit the worm.
The worm is moderately wounded.
The worm barely misses you.
You hit the worm but do no damage.
The worm is moderately wounded.
The hobgoblin closely misses you.
You hit the worm.
The worm is heavily wounded.
Your magical contamination has completely faded away.
You hit the worm.
The worm is heavily wounded.
The hobgoblin hits you. The worm misses you.
You barely miss the worm.
The worm is heavily wounded.
The hobgoblin completely misses you.
You hit the worm.
The worm is heavily wounded.
The worm bites you!
You hit the worm.
The worm is heavily wounded.
The hobgoblin hits you but does no damage.
You hit the worm.
The worm is heavily wounded.
The hobgoblin barely misses you.
You hit the worm.
The worm is severely wounded.
The worm bites you.
You barely miss the worm.
The worm is heavily wounded.
The hobgoblin hits you.
* * * LOW HITPOINT WARNING * * *
You hit the worm but do no damage.
The worm is heavily wounded.
The hobgoblin barely misses you. The worm bites you!
You die...

......# ......########
#.# .............# ...
.............# #.#
###.#........# #.#
##.########## #.# #
#..........## #.#.#
######......###w#.#####
#.........@g......
#............####.
#####.####.### #.# ....
#.# ##.### #.# #.# #.#
#.# #.# #.# #.# #.#


You could see a worm and a hobgoblin.

Vanquished Creatures
  An adder (D:2)
  A dart slug (D:1)
  3 ball pythons (D:1)
  An endoplasm (D:1)
  A giant cockroach (D:2)
  5 goblins
  A hobgoblin (D:1)
  A quokka (D:1)
14 creatures vanquished.

Notes
Turn   | Place    | Note
-------+----------+-------------------------------------------
     0 | D:1      | jamesblauser the Demigod Conjurer began the quest for the
                  | Orb.
     0 | D:1      | Reached XP level 1. HP: 14/14 MP: 5/5
   397 | D:1      | Reached skill level 4 in Conjurations
   579 | D:1      | Reached XP level 2. HP: 20/20 MP: 5/7
   582 | D:1      | Learned a level 2 spell: Searing Ray
  1374 | D:2      | Slain by a worm

Illustrated notes

Levels and vault maps discovered:
D:1:      minmay_arrival_five_plusses, layout_basic, basic_ecumenical_altar
D:2:      layout_basic

Skill      XL: |  1 |
---------------+----+-----
Conjurations   | 4 |  4.3
Armour         | |  0.1
Dodging        | |  1.9
Stealth        | |  1.8
Unarmed Combat | |  0.2
Spellcasting   | |  1.9

Action                   || total
-------------------------++-------
Melee: Unarmed           ||     8
       Dagger            ||    16
 Cast: Magic Dart        ||    22
       Searing Ray       ||     6
  Use: Scroll            ||     6
       Potion            ||     2
Armor: Scale mail        ||    18
Dodge: Dodged            ||    10
